 Dungeon Crawl Stone Soup version 0.23.0-3-gf3c87f2 (webtiles) character file.

Game seed: 6017587695235299957

10928 Kairos the Cleaver (level 12, -1/94 HPs)
             Began as a Formicid Abyssal Knight on Feb 22, 2019.
             Was a High Priest of Lugonu.
             Slain by Grum
             ... wielding a +0 spear
              (9 damage)
             ... on level 10 of the Dungeon.
             The game lasted 00:22:59 (10882 turns).

Kairos the Cleaver (Formicid Abyssal Knight)       Turns: 10882, Time: 00:22:59

Health: -1/94      AC: 21    Str: 27    XL:     12   Next: 1%
Magic:  8/13       EV: 11    Int: 12    God:    Lugonu [*****.]
Gold:   617        SH: 13    Dex: 13    Spells: 11/11 levels left

rFire    + + .     SeeInvis +   I - +5 hand axe (vamp)
rCold    + . .     Gourm    .   E - +2 shield {rC+ rF+}
rNeg     . . .     Faith    +   s - +3 scale mail
rPois    .         Spirit   .   (helmet unavailable)
rElec    .         Reflect  .   u - +1 cloak {MR+}
rCorr    .         Harm     .   n - +1 pair of gloves {Dex+3}
MR       ++...                  (no boots)
Stlth    ..........             p - amulet of faith
HPRegen  0.25/turn              h - +5 ring of protection
MPRegen  0.13/turn              m - ring of protection from fire

@: mighty
A: permanent stasis, dig shafts and tunnels, four strong arms, antennae 3
a: Dig, Shaft Self, Depart the Abyss, Bend Space, Banish, Corrupt, Enter the
Abyss, Renounce Religion


You were on level 10 of the Dungeon.
You worshipped Lugonu.
Lugonu was extremely pleased with you.
You were not hungry.

You visited 1 branch of the dungeon, and saw 10 of its levels.
You visited the Abyss 1 time.

You collected 617 gold pieces.

Inventory:

Hand Weapons
 b - a +0 hunting sling of velocity
 i - a +1 whip of pain
 v - a +0 trident of flaming
 y - a +1 whip of flaming
 F - a +4 quarterstaff of chaos
 I - a +5 vampiric hand axe (weapon)
 L - a +2 hand axe of chopping
Missiles
 f - 3 throwing nets
 g - 4 javelins
 l - 5 steel tomahawks (quivered)
 G - 36 sling bullets
Armour
 n - a +1 pair of gloves of dexterity (worn)
 s - a +3 scale mail (worn)
 u - a +1 cloak of magic resistance (worn)
 E - a +2 shield of resistance (worn)
 K - a scarf of cloud immunity
 N - a +1 chain mail of magic resistance
Magical Staves
 a - an uncursed staff of power {unknown}
Jewellery
 h - a +5 ring of protection (left hand)
 m - a ring of protection from fire (right hand)
 p - an amulet of faith (around neck)
 C - an uncursed ring of protection from fire
Wands
 d - a wand of enslavement (3)
 w - a wand of polymorph (5)
 B - a wand of flame (47)
Scrolls
 e - 9 scrolls of identify
 j - 9 scrolls of remove curse
 o - a scroll of amnesia
 x - 2 scrolls of magic mapping
 H - a scroll of immolation {unknown}
 J - a scroll of enchant armour
Potions
 k - 2 potions of brilliance {unknown}
 q - 2 potions of curing
 r - a potion of flight
 t - 16 potions of degeneration
 z - a potion of mutation {unknown}
 D - 3 potions of haste {unknown}
 M - a potion of agility
Comestibles
 c - 11 rations


   Skills:
 + Level 8.5 Fighting
 * Level 12.8 Axes
 + Level 1.4 Throwing
 + Level 8.4 Armour
 + Level 4.2 Dodging
 + Level 1.4 Stealth
 + Level 6.2 Shields
 + Level 2.4 Invocations


You had 11 spell levels left.
You didn't know any spells.
Your spell library contained the following spells:

 Spells                   Type           Power        Failure   Level  Hunger
 Sandblast                Erth           #.....       77%         1    ##.....
 Passwall                 Tmut/Erth      #.......     88%         2    ###....
 Stone Arrow              Conj/Erth      #.....       98%         3    ####...
 Petrify                  Tmut/Erth      #.......     100%        4    #####..
 Lee's Rapid Deconstruct  Erth           #.........   100%        5    ######.


Dungeon Overview and Level Annotations

Branches:
Dungeon (10/15)            Temple (0/1) D:5             Orc (0/2) D:9
   Lair: D:8-11

Altars:
Ashenzari
Cheibriados
Dithmenos
Elyvilon
Fedhas
Kikubaaqudgha
Nemelex Xobeh
Okawaru
Yredelemnul

Shops:
D:6 *   D:8 (:

Annotations:
D:4 2 transporters, Inarius's ghost, amateur CeCj
D:10 Grum; Snorg


Innate Abilities, Weirdness & Mutations

You cannot be hasted, slowed, berserked, paralysed or teleported.
You can dig through walls and to a lower floor.
Your four strong arms can wield two-handed weapons with a shield.
You have a pair of large antennae on your head. (SInv)


Message History

Lugonu is no longer ready to corrupt your weapon.
You block Snorg's attack. Snorg claws you.
* * * LOW HITPOINT WARNING * * *
Snorg closely misses you. Grum barely misses you. Space bends around you!
You blink.
You block Grum's attack. The hippogriff closely misses you.
The hippogriff pecks you but does no damage.
The hippogriff claws you but does no damage.
You fail to use your ability.
The wolf bites you but does no damage. The wolf barely misses you.
You block Grum's attack. The hippogriff closely misses you.
The hippogriff pecks you.
* * * LOW HITPOINT WARNING * * *
The hippogriff claws you but does no damage.
Are you sure you want to shaft yourself?
You feel quite a bit more hungry. You block the wolf's attack.
The hippogriff bites you but does no damage.
You block the hippogriff's attack.
The hippogriff claws you but does no damage.
Grum hits you from afar with a +0 spear!
You die...

. #. # #. .# #.##### .#
#.....####.. #.........>#
##### #.#...>....#
####...# #...(.[.....
##)gH@..# #..(#.####..
#.#.hT..# #...#.#####.
###..≈..# #...........
#......# #...........
#......#.#...†..†..##
#.#........#.........#
........)####.........#
#{.......†.............#
.........####.#.#.#....'.


You could see Snorg (berserk), a hippogriff, Grum and a wolf.

Vanquished Creatures
  A two-headed ogre (D:9)
  A skeletal warrior (D:9)
  A necromancer (D:9)
  Pikel (D:5)
  A deep elf mage (D:9)
  Joseph (D:7)
  A troll (D:10)
  Grinder (D:5)
  4 flying skulls (D:9)
  5 shadows
  A wraith (D:9)
  5 yaks (D:10)
  3 hungry ghosts
  A water moccasin (D:5)
  A swamp drake (D:9)
  A sky beast (D:5)
  2 orc warriors
  3 ice beasts
  A necrophage (D:10)
  8 ogres
  An eye of draining (D:8)
  6 centaurs
  A wolf (D:10)
  A big kobold (D:10)
  4 bullfrogs
  A water moccasin zombie (D:9)
  A wyvern skeleton (D:9)
  A water moccasin skeleton (D:5)
  A scorpion (D:8)
  7 wights
  5 howler monkeys
  A bullfrog zombie (D:6)
  4 crimson imps
  3 hounds
  A centaur zombie (D:10)
  4 orc priests
  5 jellies
  Crazy Yiuf (D:7)
  8 orc wizards
  A bullfrog skeleton (D:9)
  5 centaur skeletons
  2 iguanas
  7 worker ants
  A killer bee zombie (D:9)
  A hound zombie (D:5)
  2 hound skeletons
  6 worker ant zombies
  2 howler monkey skeletons (D:9)
  10 adders
  14 gnolls
  3 shadow imps
  2 oozes (D:4)
  4 adder zombies
  4 adder skeletons
  7 worms
  A dart slug (D:1)
  8 leopard geckos
  36 orcs
  7 bats
  3 giant cockroaches
  3 goblins
  2 hobgoblins (D:1)
  7 jackals
  11 kobolds
  4 quokkas
  2 ball pythons
  4 frilled lizards
  A jackal zombie (D:5)
  A leopard gecko zombie (D:6)
  A quokka skeleton (D:9)
  3 rats
264 creatures vanquished.

Vanquished Creatures (collateral kills)
  An iguana (D:10)
1 creature vanquished.

Vanquished Creatures (others)
  A two-headed ogre (D:10)
  A wolf (D:10)
  A yak (D:10)
  2 plants (D:4)
5 creatures vanquished.

Grand Total: 270 creatures vanquished

Notes
Turn   | Place    | Note
-------+----------+-------------------------------------------
     0 | Abyss:1  | Kairos the Formicid Abyssal Knight began the quest for the
                  | Orb.
     0 | Abyss:1  | Reached XP level 1. HP: 18/18 MP: 2/2
   119 | Abyss:1  | Noticed a small abomination
   121 | Abyss:1  | Noticed an apocalypse crab
   144 | Abyss:1  | Noticed a small abomination
   174 | Abyss:1  | Noticed an iron imp
   244 | Abyss:1  | Noticed a small abomination
   254 | Abyss:1  | Noticed a raiju
   256 | D:1      | Escaped the Abyss
   336 | D:1      | Reached XP level 2. HP: 17/24 MP: 3/3
   580 | D:1      | Reached XP level 3. HP: 29/30 MP: 4/4
   646 | D:1      | Reached * piety under Lugonu
  1037 | D:2      | Reached skill level 1 in Dodging
  1039 | D:2      | Reached skill level 3 in Axes
  1039 | D:2      | Reached XP level 4. HP: 30/37 MP: 5/5
  1050 | D:2      | HP: 1/37 [gnoll/+0 flail (2)]
  1658 | D:2      | Found a blossoming altar of Fedhas.
  1960 | D:3      | Found a white marble altar of Elyvilon.
  1964 | D:3      | Reached XP level 5. HP: 37/42 MP: 6/6
  2032 | D:3      | Reached ** piety under Lugonu
  2100 | D:3      | Reached skill level 4 in Axes
  2925 | D:4      | Found a transporter.
  2971 | D:4      | Found a shattered altar of Ashenzari.
  3002 | D:4      | Reached XP level 6. HP: 18/49 MP: 7/7
  3703 | D:4      | Reached skill level 5 in Axes
  3898 | D:4      | Found a transporter.
  3905 | D:4      | Noticed Inarius's ghost (amateur CeCj)
  3922 | D:4      | Reached skill level 1 in Stealth
  3922 | D:4      | Reached XP level 7. HP: 22/55 MP: 8/8
  4344 | D:5      | Entered Level 5 of the Dungeon
  4451 | D:5      | Noticed Grinder
  4461 | D:5      | Killed Grinder
  4461 | D:5      | Reached skill level 5 in Fighting
  4503 | D:5      | Found a snail-covered altar of Cheibriados.
  4503 | D:5      | Found a basalt altar of Yredelemnul.
  4503 | D:5      | Noticed Pikel
  4533 | D:5      | Killed Pikel
  4533 | D:5      | Reached skill level 7 in Axes
  4533 | D:5      | Reached skill level 1 in Throwing
  4533 | D:5      | Reached XP level 8. HP: 60/63 MP: 9/9
  4557 | D:5      | Found a staircase to the Ecumenical Temple.
  4591 | D:5      | Found a shadowy altar of Dithmenos.
  4648 | D:5      | Reached *** piety under Lugonu
  4738 | D:5      | Reached XP level 9. HP: 56/69 MP: 10/10
  4743 | D:5      | Reached skill level 5 in Armour
  4784 | D:5      | Found a sparkling altar of Nemelex Xobeh.
  4976 | D:5      | Reached skill level 8 in Axes
  5114 | D:5      | Found an ancient bone altar of Kikubaaqudgha.
  5864 | D:6      | Reached **** piety under Lugonu
  5895 | D:6      | Found Tohein's General Store.
  6140 | D:6      | Found an iron altar of Okawaru.
  6807 | D:7      | Reached skill level 9 in Axes
  6824 | D:7      | Reached skill level 1 in Shields
  6907 | D:7      | Noticed Joseph
  6927 | D:7      | Killed Joseph
  6927 | D:7      | Reached XP level 10. HP: 53/79 MP: 11/11
  7336 | D:7      | Found a runed translucent door.
  7337 | D:7      | Noticed Crazy Yiuf
  7347 | D:7      | Killed Crazy Yiuf
  7472 | D:8      | Reached skill level 10 in Axes
  7613 | D:8      | Found Kehuet's Book Boutique.
  7624 | D:8      | Found Toeqycillu's Antique Weapon Shop.
  7705 | D:8      | Reached ***** piety under Lugonu
  8422 | D:9      | Reached skill level 11 in Axes
  8422 | D:9      | Reached XP level 11. HP: 86/86 MP: 12/12
  8596 | D:9      | Noticed a necromancer
  8612 | D:9      | Killed a necromancer
  8640 | D:8      | Reached skill level 5 in Shields
  9305 | D:9      | Noticed a skeletal warrior
  9745 | D:9      | Noticed a two-headed ogre
  9758 | D:9      | Killed a two-headed ogre
  9758 | D:9      | Reached skill level 12 in Axes
  9787 | D:9      | Noticed a deep elf mage
  9803 | D:9      | Killed a deep elf mage
  9857 | D:9      | Found a staircase to the Orcish Mines.
 10246 | D:9      | Killed a skeletal warrior
 10735 | D:10     | Entered Level 10 of the Dungeon
 10817 | D:10     | Noticed Snorg
 10839 | D:10     | Noticed a two-headed ogre
 10840 | D:10     | Noticed Grum
 10853 | D:10     | Reached XP level 12. HP: 62/94 MP: 13/13
 10863 | D:10     | Reached ****** piety under Lugonu
 10882 | D:10     | Slain by Grum

Skill      XL: |  1  2  3  4  5  6  7  8  9 10 11 |
---------------+----------------------------------+-----
Fighting       | 4 5 6 7 8 |  8.5
Dodging        | 1 2 3 4 |  4.2
Axes           | 3 4 5 7 9 11 12 | 12.8
Armour         | 3 4 6 7 8 |  8.4
Stealth        | 1 |  1.4
Throwing       | 1 |  1.4
Shields        | 1 4 6 |  6.2
Invocations    | |  2.4

Action                   |  1- 3 |  4- 6 |  7- 9 | 10-12 || total
-------------------------+-------+-------+-------+-------++-------
Melee: Hand axe          |    56 |   161 |   324 |   678 ||  1219
Throw: Tomahawk          |       |     5 |       |       ||     5
Invok: Depart the Abyss  |     1 |       |       |       ||     1
       Bend Space        |       |       |       |     3 ||     3
       Banish            |       |       |       |     1 ||     1
 Abil: Dig               |       |     2 |       |     2 ||     4
       Shaft Self        |       |       |       |     1 ||     1
Evoke: Wand              |       |       |     1 |     6 ||     7
  Use: Scroll            |     4 |     1 |     5 |     3 ||    13
       Potion            |       |       |     1 |     3 ||     4
  Eat: Chunk             |       |     6 |     7 |     2 ||    15
       Ration            |       |     1 |     4 |     8 ||    13
Armor: Leather armour    |    19 |    62 |     3 |       ||    84
       Chain mail        |       |       |    99 |     6 ||   105
       Scale mail        |       |       |    70 |   204 ||   274
Dodge: Dodged            |    36 |    91 |   113 |   173 ||   413
Block: Shield            |       |       |    36 |   308 ||   344
